 Dungeon Crawl Stone Soup version 0.21.1-1-g345015f (webtiles) character file.

203 jerryfan the Chiller (level 5, -2/37 HPs)
             Began as a Gnoll Wanderer on Apr 30, 2018.
             Splashed by Ijyb's acid (11 damage)
             ... on level 3 of the Dungeon on May 1, 2018.
             The game lasted 00:19:23 (3362 turns).

jerryfan the Chiller (Gnoll Wanderer)               Turns: 3362, Time: 00:19:23

Health: -2/37      AC:  2    Str: 14    XL:     5   Next: 81%
Magic:  5/9        EV: 12    Int: 14    God:
Gold:   132        SH:  0    Dex: 21    Spells: 6/10 levels left

rFire    . . .     SeeInvis +   w - +3 dagger (protect)
rCold    . . .     Gourm    .   (no shield)
rNeg     . . .     Faith    .   x - +0 robe {MR+}
rPois    .         Spirit   .   (no helmet)
rElec    .         Reflect  .   (no cloak)
rCorr    .         Harm     .   (no gloves)
MR       +....                  (no boots)
Stlth    ++........             (no amulet)
HPRegen  0.12/turn              q - ring of see invisible
MPRegen  0.11/turn              l - +5 ring of dexterity

@: no status effects
A: distributed training, fangs 1, strong nose
a: no special abilities


You were on level 3 of the Dungeon.
You were not hungry.

You visited 1 branch of the dungeon, and saw 3 of its levels.

You collected 132 gold pieces.

Inventory:

Hand Weapons
 e - a +0 dagger
 k - a +0 hunting sling
 w - a +3 dagger of protection (weapon)
 z - a +2 dagger of venom
Missiles
 j - 4 tomahawks of returning (quivered)
 o - 104 stones
 r - 15 sling bullets
Armour
 d - a +1 robe
 i - a +0 robe
 x - a +0 robe of magic resistance (worn)
Jewellery
 h - an uncursed amulet of faith
 l - a +5 ring of dexterity (right hand)
 q - a ring of see invisible (left hand)
 t - an uncursed ring of protection from fire
Scrolls
 s - a scroll of remove curse
 y - a scroll of identify
Potions
 c - 2 potions of curing
 g - a potion of cancellation
 m - a potion of mutation {unknown}
 n - a potion of agility {unknown}
 p - a potion of haste {unknown}
 u - a potion of degeneration {unknown}
 v - a potion of resistance {unknown}
Books
 a - a book of Frost

   Spells                             Type                      Level
   a - Freeze                         Ice                          1
   b - Throw Frost                    Conjuration/Ice              2
   c - Ozocubu's Armour               Charms/Ice                   3
   d - Throw Icicle                   Conjuration/Ice              4
   e - Summon Ice Beast               Ice/Summoning                4
 b - the Disquisition on Flames

   Spells                             Type                      Level
   a - Flame Tongue                   Conjuration/Fire             1
   b - Inner Flame                    Hexes/Fire                   3
Comestibles
 f - 7 rations
 A - 17 chunks of flesh


   Skills:
 + Level 1.6 Fighting
 + Level 1.6 Short Blades
 + Level 1.6 Long Blades
 + Level 1.6 Axes
 + Level 1.6 Maces & Flails
 + Level 1.6 Polearms
 + Level 1.6 Staves
 + Level 1.6 Slings
 + Level 3.0 Bows
 + Level 1.6 Crossbows
 + Level 3.0 Throwing
 + Level 4.8 Armour
 + Level 1.6 Dodging
 + Level 1.6 Stealth
 + Level 1.6 Shields
 + Level 1.6 Unarmed Combat
 + Level 3.2 Spellcasting
 + Level 1.2 Conjurations
 + Level 1.2 Hexes
 + Level 1.2 Charms
 + Level 1.2 Summonings
 + Level 1.2 Necromancy
 + Level 1.2 Translocations
 + Level 1.2 Transmutations
 + Level 1.2 Fire Magic
 + Level 7.2 Ice Magic
 + Level 1.2 Air Magic
 + Level 1.2 Earth Magic
 + Level 1.2 Poison Magic
 + Level 1.8 Invocations
 + Level 3.0 Evocations


You had 6 spell levels left.
You knew the following spells:

 Your Spells              Type           Power        Failure   Level  Hunger
a - Freeze                Ice            ###.         1%          1    #......
b - Flame Tongue          Conj/Fire      #....        12%         1    #......
c - Throw Frost           Conj/Ice       ##....       5%          2    ##.....


Dungeon Overview and Level Annotations

Branches:
Dungeon (3/15)

Altars:
Dithmenos
Qazlal
Yredelemnul

Annotations:
D:3 Ijyb


Innate Abilities, Weirdness & Mutations

Your experience applies equally to all skills.
You have very sharp teeth.
Your uncanny sense of smell can sniff out nearby items.


Message History

Okay, then.
Okay, then.
Cast which spell? (? or * to list)
You can't see any susceptible monsters within range! (Use Z to cast anyway.) Cast which spell? (? or * to list)
Aiming: Throw Frost
Press: ? - help, Shift-Dir - straight line, f - Ijyb
Aim: Ijyb, wielding a dagger and wearing a leather armour (resting)
The puff of frost hits Ijyb.
Ijyb is lightly wounded.
Ijyb shouts!
Casting: Throw Frost
Confirm with . or Enter, or press ? or * to list all spells.
Aiming: Throw Frost
Press: ? - help, Shift-Dir - straight line, f/p - Ijyb
Aim: Ijyb, wielding a dagger and wearing a leather armour (lightly wounded)
The puff of frost misses Ijyb.
Ijyb zaps a wand.
The bolt of acid hits you!
* * * LOW HITPOINT WARNING * * *
You are splashed with acid!
The acid burns!
You die...

#...............#
#########..........###
#...............#....#
#.###########...#..#.###
########.... ###
##≈≈≈≈###.###
#.######.###≈≈≈≈≈≈###.#
...g........≈≈........#
#######@...≈≈......)..#
#...≈....≈≈.÷...#
#...≈..≈≈..≈....##
#....≈≈....≈......
#.......⌠≈≈......#
#..(...≈≈⌠.......#
##....≈....≈≈...##
#....≈..≈≈..≈..#
#.....≈≈....≈..#


You could see Ijyb.

Vanquished Creatures
  2 orc priests (D:3)
  A bullfrog skeleton (D:2)
  An orc wizard (D:3)
  An adder (D:3)
  An ooze (D:1)
  2 dart slugs
  3 leopard geckos (D:1)
  2 orcs
  9 bats
  4 giant cockroaches (D:1)
  8 goblins
  4 hobgoblins
  6 jackals
  A ball python (D:3)
  6 frilled lizards
  10 kobolds
  7 rats
68 creatures vanquished.

Notes
Turn   | Place    | Note
-------+----------+-------------------------------------------
     0 | D:1      | jerryfan the Gnoll Wanderer began the quest for the Orb.
     0 | D:1      | jerryfan set off with: a book of Frost, the Disquisition on Flames, a potion of curing, a +0 robe, a +0 dagger, a ration
     0 | D:1      | Reached XP level 1. HP: 13/13 MP: 4/4
     0 | D:1      | Identified the Disquisition on Flames
     2 | D:1      | Learned a level 1 spell: Freeze
     4 | D:1      | Learned a level 1 spell: Flame Tongue
    95 | D:1      | Reached XP level 2. HP: 19/19 MP: 1/5
   601 | D:1      | Reached XP level 3. HP: 25/25 MP: 5/7
  1269 | D:1      | Reached skill level 1 in Invocations
  1592 | D:2      | Found a shadowy altar of Dithmenos.
  1598 | D:2      | Learned a level 2 spell: Throw Frost
  1635 | D:2      | HP: 1/25 [bullfrog skeleton (7)]
  1646 | D:2      | Reached skill level 1 in Fighting
  1646 | D:2      | Reached skill level 1 in Short Blades
  1646 | D:2      | Reached skill level 1 in Long Blades
  1646 | D:2      | Reached skill level 1 in Axes
  1646 | D:2      | Reached skill level 1 in Maces & Flails
  1646 | D:2      | Reached skill level 1 in Polearms
  1646 | D:2      | Reached skill level 1 in Staves
  1646 | D:2      | Reached skill level 1 in Slings
  1646 | D:2      | Reached skill level 1 in Crossbows
  1646 | D:2      | Reached skill level 1 in Dodging
  1646 | D:2      | Reached skill level 1 in Stealth
  1646 | D:2      | Reached skill level 1 in Shields
  1646 | D:2      | Reached skill level 1 in Unarmed Combat
  1646 | D:2      | Reached XP level 4. HP: 10/32 MP: 8/8
  2686 | D:3      | Reached skill level 1 in Conjurations
  2686 | D:3      | Reached skill level 1 in Hexes
  2686 | D:3      | Reached skill level 1 in Charms
  2686 | D:3      | Reached skill level 1 in Summonings
  2686 | D:3      | Reached skill level 1 in Necromancy
  2686 | D:3      | Reached skill level 1 in Translocations
  2686 | D:3      | Reached skill level 1 in Transmutations
  2686 | D:3      | Reached skill level 1 in Fire Magic
  2686 | D:3      | Reached skill level 1 in Air Magic
  2686 | D:3      | Reached skill level 1 in Earth Magic
  2686 | D:3      | Reached skill level 1 in Poison Magic
  2686 | D:3      | Reached XP level 5. HP: 29/37 MP: 5/9
  2861 | D:3      | Found a stormy altar of Qazlal.
  2873 | D:3      | Found a basalt altar of Yredelemnul.
  3355 | D:3      | Noticed Ijyb
  3362 | D:3      | Splashed by Ijyb's acid

Skill      XL: |  1  2  3  4  5 |
---------------+----------------+-----
Invocations    | 1 |  1.8
Fighting       | 1 |  1.6
Short Blades   | 1 |  1.6
Long Blades    | 1 |  1.6
Axes           | 1 |  1.6
Maces & Flails | 1 |  1.6
Polearms       | 1 |  1.6
Staves         | 1 |  1.6
Slings         | 1 |  1.6
Crossbows      | 1 |  1.6
Dodging        | 1 |  1.6
Stealth        | 1 |  1.6
Shields        | 1 |  1.6
Unarmed Combat | 1 |  1.6
Spellcasting   | 3 |  3.2
Conjurations   | 1 |  1.2
Hexes          | 1 |  1.2
Charms         | 1 |  1.2
Summonings     | 1 |  1.2
Necromancy     | 1 |  1.2
Translocations | 1 |  1.2
Transmutations | 1 |  1.2
Fire Magic     | 1 |  1.2
Air Magic      | 1 |  1.2
Earth Magic    | 1 |  1.2
Poison Magic   | 1 |  1.2
Bows           | 3 |  3.0
Throwing       | 3 |  3.0
Evocations     | 3 |  3.0
Armour         | |  4.8
Ice Magic      | |  7.2

Action                   |  1- 3 |  4- 6 || total
-------------------------+-------+-------++-------
Melee: Dagger            |    78 |    36 ||   114
       Bite              |     8 |     5 ||    13
       Punch             |     1 |     1 ||     2
Throw: Stone             |     5 |       ||     5
       Tomahawk          |       |    12 ||    12
 Cast: Freeze            |    26 |    29 ||    55
       Flame Tongue      |     1 |       ||     1
       Throw Frost       |       |     2 ||     2
  Use: Potion            |     2 |     1 ||     3
       Scroll            |       |     6 ||     6
 Stab: Sleeping          |     3 |     2 ||     5
  Eat: Chunk             |     3 |     5 ||     8
Armor: Robe              |    25 |    27 ||    52
Dodge: Dodged            |    51 |    41 ||    92
